 Dungeon Crawl Stone Soup version 0.32-a0-593-g85ff8e36a1 (webtiles) character file.

Game seed: 8667058708655941928

92 superpeng the Covered (level 4, -26/40 HPs)
             Began as a Minotaur Fighter on Mar 2, 2024.
             Killed by an exploding orc (42 damage)
             ... ignited by their inner flame
             ... on level 3 of the Dungeon.
             The game lasted 00:04:06 (1546 turns).

superpeng the Covered (Minotaur Fighter)            Turns: 1546, Time: 00:04:07

Health: -26/40     AC: 11    Str: 23    XL:     4   Next: 35%
Magic:  3/3        EV:  6    Int:  5    God:
Gold:   83         SH:  4    Dex:  9    Spells: 3/3 levels left

rFire   . . .        a - +0 long sword
rCold   . . .        c - +0 buckler
rNeg    . . .        g - +0 plate armour
rPois   .            (helmet restricted)
rElec   .            (no cloak)
rCorr   .            (no gloves)
SInv    .            (no boots)
Will    .....        (no amulet) Stlth
                     (no ring)
HPRegen 0.26/turn    (no ring)
MPRegen 0.08/turn

%: no passive effects
@: no status effects
A: horns 2, retaliatory headbutt
a: no special abilities


You were on level 3 of the Dungeon.
You visited 1 branch of the dungeon, and saw 3 of its levels.

You collected 83 gold pieces.

Inventory:

Hand Weapons
 a - a +0 long sword (weapon)
Missiles
 n - 8 poisoned darts (quivered)
Armour
 b - a +0 scale mail
 c - a +0 buckler (worn)
 g - a +0 plate armour (worn)
Jewellery
 o - a ring of poison resistance
Scrolls
 h - a scroll of enchant weapon {unknown}
 m - a scroll of identify
 p - a scroll of enchant armour {unknown}
 s - 2 scrolls of teleportation {unknown}
Potions
 d - a potion of might
 e - a potion of brilliance {unknown}
 f - 4 potions of haste {unknown}
 i - 2 potions of heal wounds {unknown}
 k - a potion of invisibility {unknown}
 l - a potion of enlightenment {unknown}
 q - a potion of mutation {unknown}
 r - a potion of curing {unknown}


   Skills:
 + Level 4.2 Fighting
 + Level 4.0 Long Blades
 + Level 0.2 Throwing
 + Level 4.3 Armour
 + Level 0.2 Dodging
 + Level 4.1 Shields


You had 3 spell levels left.
You didn't know any spells.
Your spell library was empty.

Dungeon Overview and Level Annotations

Branches:
Dungeon (3/15)

Altars:


Innate Abilities, Weirdness & Mutations

You have a pair of horns on your head.
You reflexively headbutt those who attack you in melee.


Message History

The kobold hits you but does no damage.
The orc wizard hits you but does no damage.
The orc wizard gestures at you while chanting.
You resist with some effort.
The orc priest shouts, "Surrender to Beogh and we'll let you live!" (press Y on the ability menu to convert to Beogh)
You slash the orc wizard!
The orc wizard is heavily wounded.
You feel less confused.
You feel sick.
The orc wizard hits you but does no damage.
You block the orc wizard's attack. The kobold hits you but does no damage.
Okay, then.
You closely miss the orc wizard.
The orc wizard is heavily wounded.
You feel sick.
The orc wizard mumbles some strange words.
The orc wizard flickers and vanishes!
Deactivating autopickup; reactivate with Ctrl-A.
The orc wizard hits you but does no damage.
The kobold hits you but does no damage.
You closely miss the orc wizard. You headbutt the orc wizard!
You kill the orc wizard!
You feel sick. You block the kobold's attack.
Something hits you but does no damage.
Your Long Blades skill increases to level 4!
Unknown command.
As you read the scroll of immolation, it crumbles to dust.
The creatures around you are filled with an inner flame!
You feel sick.
You are no longer poisoned.
Something hits you. The kobold hits you but does no damage.
The orc hits you with a +0 falchion.
The orc priest miscasts a cantrip.
You slash the orc!
The orc explodes!
The fiery explosion engulfs the orc priest!!
The fiery explosion engulfs you!!!
Ouch! That really hurt!
You die...

#...........
#...........
...#<.†.†....## .
..................
..
#..#######.##.####
.#.#### ###...# #
....... ####...###
.....§K##....###
.....§§@..####
......{####
......o .......
.#.#### #


You could see an orc (inner flame) and a kobold (inner flame).

Vanquished Creatures
  An orc priest (D:3)
  An orc wizard (D:3)
  A ribbon worm (D:2)
  3 dart slugs
  An orc (D:3)
  2 bats
  7 endoplasms
  4 giant cockroaches
  8 goblins
  6 hobgoblins
  A quokka (D:2)
  4 ball pythons
  3 frilled lizards (D:1)
  5 kobolds
  9 rats
56 creatures vanquished.

Notes
Turn   | Place    | Note
-------+----------+-------------------------------------------
     0 | D:1      | superpeng the Minotaur Fighter began the quest for the Orb.
     0 | D:1      | Reached XP level 1. HP: 19/19 MP: 0/0
   159 | D:1      | Reached XP level 2. HP: 27/27 MP: 1/1
   464 | D:1      | Reached XP level 3. HP: 33/33 MP: 2/2
  1538 | D:3      | Reached XP level 4. HP: 40/40 MP: 3/3
  1546 | D:3      | Killed by an exploding orc... ignited by their inner flame

Illustrated notes

Levels and vault maps discovered:
D:1:      lemuel_arrival_river_bridge, layout_rooms, serial_glass,
          glass_columns_c, glass_columns_c
D:2:      layout_basic
D:3:      layout_rooms, ebering_ecumenical_altar_box, nicolae_half_adder

Skill      XL: |  1  2  3  4 |
---------------+-------------+-----
Shields        | 4 |  4.1
Armour         | 4 |  4.3
Long Blades    | 3 4 |  4.0
Fighting       | 4 |  4.2
Throwing       | |  0.2
Dodging        | |  0.2

Action                     |  1- 3 |  4- 6 || total
---------------------------+-------+-------++-------
  Melee: Long sword        |   115 |     4 ||   119
         Headbutt          |    14 |     1 ||    15
  Throw: Dart              |     6 |       ||     6
    Use: Scroll            |     4 |     1 ||     5
 Armour: Plate armour      |   108 |    16 ||   124
  Dodge: Dodged            |    36 |     3 ||    39
  Block: Buckler           |    31 |     2 ||    33

Table legend: (Time is in decaauts)
 A = Elapsed time spent in this place.
 B = Non-inter-level travel time spent in this place.
 C = Inter-level travel time spent in this place.
 D = Time resting spent in this place.
 E = Time spent auto-exploring this place.
 F = Levels seen in this place.
 G = Mean time per level.
                   A        B        C        D        E       F      G
               +--------+--------+--------+--------+--------+-----+--------+
         Total |   1580 |   1552 |     28 |      0 |    937 |   3 |  526.7 |
       Dungeon |   1580 |   1552 |     28 |      0 |    937 |   3 |  526.7 |
               +--------+--------+--------+--------+--------+-----+--------+

Top non-repeatable levels by time:
     D:2: 889 daAuts
     D:1: 658 daAuts
     D:3: 32 daAuts
